 Dungeon Crawl Stone Soup version 0.31-a0-978-g1e143483b6 (webtiles) character file.

Game seed: 6143942204971725088

92 zenocrate the Vexing (level 4, 18/18 HPs)
             Began as a Felid Enchanter on Oct 31, 2023.
             Quit the game on level 2 of the Dungeon.
             The game lasted 00:02:13 (2031 turns).

zenocrate the Vexing (Felid Enchanter)              Turns: 2031, Time: 00:02:14

Health: 18/18      AC:  1    Str:  4    XL:     4   Next: 35%
Magic:  8/8        EV: 17    Int: 16    God:
Gold:   19         SH:  0    Dex: 18    Spells: 2/7 levels left
                                        Lives:  1   Deaths: 1

rFire   . .          .
                       - Unarmed
rCold   . . .        (shield unavailable)
rNeg    . . .        (body armour unavailable)
rPois   .            (helmet unavailable)
rElec   .            (cloak unavailable)
rCorr   .            (gloves unavailable)
SInv    +            (boots unavailable)
Will    .....        (no amulet)
Stlth   +++          (no ring)
HPRegen 0.23/turn    (no ring)
MPRegen 0.11/turn

%: no passive effects
@: quick
A: very small, claws 1, fangs 3, see invisible, speed 1, shaggy fur 1, stealthy
paws, no weapons or thrown items, no armour, multi-lived
a: no special abilities


You were on level 2 of the Dungeon.
You visited 1 branch of the dungeon, and saw 2 of its levels.

You collected 58 gold pieces.
You spent 39 gold pieces at shops.

Inventory:

Scrolls
 b - 2 scrolls of teleportation
 f - a scroll of poison
 g - a scroll of enchant armour
 h - a scroll of fear
 l - a scroll of amnesia
Potions
 a - 2 potions of invisibility
 e - a potion of degeneration
 j - a potion of cancellation
 m - a potion of berserk rage {unknown}
 n - a potion of curing {unknown}


   Skills:
 - Level 2.6 Dodging
 - Level 4.0 Stealth
 + Level 3.3 Unarmed Combat
 - Level 2.0 Spellcasting
 + Level 5.8 Hexes


You had 2 spell levels left.
You knew the following spells:

 Your Spells              Type           Power      Damage    Failure   Level
a - Ensorcelled Hibernat  Hex/Ice        20%        N/A       10%         2
b - Confusing Touch       Hex            20%        N/A       5%          3

Your spell library contained the following spells:

 Spells                   Type           Power      Damage    Failure   Level
 Tukima's Dance           Hex            20%        N/A       5%          3
 Dazzling Flash           Conj/Hex       20%        N/A       19%         3
 Haunt                    Necr/Summ      0%         N/A       100%        7
 Borgnjor's Revivificati  Necr           0%         N/A       100%        8
 Death's Door             Necr           0%         N/A       100%        9


Dungeon Overview and Level Annotations

Branches:
Dungeon (2/15)

Altars:

Shops:
D:2 *

Annotations:
D:2 1 transporter


Innate Abilities, Weirdness & Mutations

You have sharp claws.
You have razor-sharp teeth.
You have supernaturally acute eyesight. (SInv)
You cover ground quickly. (Speed+)
You are covered in fur. (AC +1)
Your paws help you pounce on unaware monsters.
You are incapable of wielding weapons or throwing items.
You cannot wear armour.
You gain extra lives every three experience levels.


Message History

You mangle the adder!!
You kill the adder!
No target in view!
Things that are here:
a +0 dagger; an adder corpse; a goblin corpse No target in view!
There is an entrance to Sebevoint's Assorted Antiques here.
h - 2 scrolls labelled MODDUL CE ZIAL (gained 1)
n - an inky potion Thank you for shopping at Sebevoint's Assorted Antiques!
You can access your shopping list by pressing '$'.
As you read the scroll labelled CEUF CERYELUDGH, it crumbles to dust.
You hear a loud clanging noise!
It was a scroll of noise.
Okay, then.
You drop a scroll of noise.
The air fills with toxic fumes!
As you read the scroll labelled DAOTRO OLUA, it crumbles to dust.
It was a scroll of poison.
As you read the scroll labelled PILOUG WAUVON, it crumbles to dust.
It is a scroll of enchant armour.
You aren't carrying any armour which can be enchanted further.
As you read the scroll labelled MODDUL CE ZIAL, it crumbles to dust.
You assume a fearsome visage.
Nothing appears to happen.
It was a scroll of fear.
As you read the scroll labelled RAROGR ECYIWE, it crumbles to dust.
It is a scroll of identify.
e - a potion of degeneration
As you read the scroll of identify, it crumbles to dust.
j - a potion of cancellation
As you read the scroll labelled TEUSTEM SEAQON, it crumbles to dust.
It is a scroll of amnesia.
Okay, then.
As you read the scroll labelled CEKLAI VEGARHU, it dissolves into smoke.
It was a scroll of fog.
As you read the scroll labelled ELITAE HAUVEH, it crumbles to dust.
Magic quickly surges around you.
It was a scroll of vulnerability.
You start waiting.
You feel your willpower return.
Are you sure you want to abandon this character and quit the game? (Confirm with "yes".)

..## ##...###..#)#.##.....### #
...####..#.###.###.#..##.....# #
##.#....##.##...#.##.....###.####
#...................#.......#...
###......##.....##............##
#.......#############.(........
##.#.....#############.....##.##
#..#.[......#.....#........##..#
##.##.......©#©)@.©#©.......###.#
#..##........#.....#......### #.#
..###.....#############....^###..
..........######## ##.##..###.
#####........##..# #.###.....
########.##..# #.# #####.
#..##.### #.## ## ##......# #..#
## ##.....# ##.# ###.


There were no monsters in sight!

Vanquished Creatures
  3 gnolls (D:2)
  2 adders (D:2)
  A worm (D:2)
  3 ball pythons
  5 endoplasms (D:1)
  7 goblins
  4 hobgoblins
  3 jackals (D:2)
  A quokka (D:1)
  3 bats
  2 frilled lizards (D:1)
  3 kobolds (D:1)
  4 rats (D:1)
41 creatures vanquished.

Notes
Turn   | Place    | Note
-------+----------+-------------------------------------------
     0 | D:1      | zenocrate the Felid Enchanter began the quest for the Orb.
     0 | D:1      | Reached XP level 1. HP: 7/7 MP: 4/4
   288 | D:1      | Reached XP level 2. HP: 9/11 MP: 6/6
   291 | D:1      | Learned a level 2 spell: Ensorcelled Hibernation
  1189 | D:2      | Reached XP level 3. HP: 7/14 MP: 4/7
  1302 | D:2      | Reached skill level 5 in Hexes
  1492 | D:2      | Learned a level 3 spell: Confusing Touch
  1514 | D:2      | Found a transporter.
  1560 | D:2      | Reached XP level 4. HP: 18/18 MP: 1/8
  1730 | D:2      | Found Sebevoint's Assorted Antiques.
  1755 | D:2      | Found a transporter.
  1935 | D:2      | Slain by an adder
  1975 | D:2      | Bought a scroll labelled MODDUL CE ZIAL for 21 gold pieces
  1975 | D:2      | Bought an inky potion for 18 gold pieces
  2031 | D:2      | Quit the game

Illustrated notes

Levels and vault maps discovered:
D:1:      sevenhm_arrival_forest_fort_small_6, layout_basic
D:2:      layout_rooms, serial_shops, nicolae_shop_drivethru,
          amcnicky_mini_pool_small, minmay_tripent

Skill      XL: |  1  2  3 |
---------------+----------+-----
Unarmed Combat | 2 3 |  3.3
Hexes          | 5 |  5.8
Dodging        | |  2.6
Stealth        | |  4.0
Spellcasting   | |  2.0

Action                     |  1- 3 |  4- 6 || total
---------------------------+-------+-------++-------
  Melee: Unarmed           |   101 |    19 ||   120
         Bite              |     5 |       ||     5
         Punch             |     4 |     1 ||     5
   Cast: Ensorcelled Hiber |    11 |     6 ||    17
    Use: Scroll            |     1 |     9 ||    10
   Stab: Sleeping          |    14 |     4 ||    18
 Armour: Skin              |    22 |     7 ||    29
  Dodge: Dodged            |    80 |    20 ||   100

Table legend: (Time is in decaauts)
 A = Elapsed time spent in this place.
 B = Non-inter-level travel time spent in this place.
 C = Inter-level travel time spent in this place.
 D = Time resting spent in this place.
 E = Time spent auto-exploring this place.
 F = Levels seen in this place.
 G = Mean time per level.
                   A        B        C        D        E       F      G
               +--------+--------+--------+--------+--------+-----+--------+
         Total |   1727 |   1696 |     31 |     50 |   1317 |   2 |  863.5 |
       Dungeon |   1727 |   1696 |     31 |     50 |   1317 |   2 |  863.5 |
               +--------+--------+--------+--------+--------+-----+--------+

Top non-repeatable levels by time:
     D:1: 974 daAuts
     D:2: 753 daAuts
